 Dungeon Crawl Stone Soup version 0.23.2-40-g277498a001 (webtiles) character file.

Game seed: 5735231612044846531

56 Martska the Ducker (level 3, -1/27 HPs)
             Began as a Merfolk Ice Elementalist on Sept 29, 2019.
             Slain by a hobgoblin (6 damage)
             ... led by Robin
             ... on level 2 of the Dungeon.
             The game lasted 00:12:59 (2126 turns).

Martska the Ducker (Merfolk Ice Elementalist)       Turns: 2126, Time: 00:13:00

Health: -1/27      AC:  4    Str:  8    XL:     3   Next: 95%
Magic:  3/6        EV: 13    Int: 14    God:
Gold:   68         SH:  0    Dex: 15    Spells: 2/6 levels left

rFire    . . .     SeeInvis .   g - +0 club
rCold    . . .     Gourm    .   (no shield)
rNeg     . . .     Faith    .   h - +0 leather armour
rPois    .         Spirit   .   (no helmet)
rElec    .         Reflect  .   (no cloak)
rCorr    .         Harm     .   m - +0 pair of gloves
MR       .....                  (no boots)
Stlth    ++........             (no amulet)
HPRegen  0.09/turn              (no ring)
MPRegen  0.10/turn              (no ring)

@: very slightly contaminated
A: change form in water, swift swim, stealthy swim
a: no special abilities


You were on level 2 of the Dungeon.
You were not hungry.

You visited 1 branch of the dungeon, and saw 2 of its levels.

You collected 68 gold pieces.

Inventory:

Hand Weapons
 g - a +0 club (weapon)
Missiles
 f - 19 bolts
Armour
 a - a +0 robe
 h - a +0 leather armour (worn)
 m - a +0 pair of gloves (worn)
Scrolls
 i - a scroll of amnesia {unknown}
 k - a scroll of fear {unknown}
 l - a scroll of teleportation {unknown}
 n - a scroll of fog {unknown}
 o - a scroll of enchant weapon {unknown}
Potions
 b - a potion of heal wounds {unknown}
 d - 5 potions of curing {unknown}
 e - a potion of lignification {unknown}
 j - a potion of degeneration {unknown}


   Skills:
 * Level 1.9 Fighting
 * Level 3.6 Dodging
 + Level 2.6 Stealth
 + Level 2.3 Spellcasting
   Level 0.7 Conjurations
 * Level 0.0 Charms
 + Level 3.6 Ice Magic


You had 2 spell levels left.
You knew the following spells:

 Your Spells              Type           Power        Failure   Level  Hunger
a - Freeze                Ice            ##..         8%          1    #......
b - Ozocubu's Armour      Chrm/Ice       #.......     43%         3    ###....

Your spell library contained the following spells:

 Spells                   Type           Power        Failure   Level  Hunger
 Throw Frost              Conj/Ice       #.....       21%         2    ###....
 Throw Icicle             Conj/Ice       #.......     80%         4    #####..
 Summon Ice Beast         Ice/Summ       #.......     85%         4    #####..


Dungeon Overview and Level Annotations

Branches:
Dungeon (2/15)

Altars:

Annotations:
D:2 Robin


Message History

The hobgoblin goes into a battle-frenzy!
The goblin barely misses you. The hobgoblin barely misses you.
You closely miss the goblin. The goblin hits you with a +0 dagger.
* * * LOW HITPOINT WARNING * * *
The hobgoblin hits you but does no damage.
You hit the goblin but do no damage. The goblin completely misses you.
The hobgoblin hits you.
* * * LOW HITPOINT WARNING * * *
You barely miss the goblin. The goblin hits you but does no damage.
The hobgoblin hits you but does no damage.
The goblin barely misses you.
You closely miss the goblin. The hobgoblin misses you.
The goblin barely misses you.
The hobgoblin hits you but does no damage.
You hit the goblin.
You kill the goblin!
Robin throws the goblin at you!
* * * LOW HITPOINT WARNING * * *
The goblin misses you. The hobgoblin hits you.
You die...

#.# ..... . #.#
#.#.#.# #.#
#######.#.#.# #.#
............# #.#
.......g....#..
#######.#
.......gg.....<
#.......#
...g...g.g..#
#.###############'#
#.#


#..g@gg.gggg# #.# #.########### #.# #.# #.#####.# #.......# ######### You could
see Robin, 3 hobgoblins and 3 goblins.

Vanquished Creatures
  5 dart slugs (D:1)
  3 giant cockroaches (D:1)
  6 hobgoblins
  4 jackals (D:1)
  A ball python (D:1)
  8 bats
  5 frilled lizards
  6 goblins
  4 kobolds
  2 rats
44 creatures vanquished.

Notes
Turn   | Place    | Note
-------+----------+-------------------------------------------
     0 | D:1      | Martska the Merfolk Ice Elementalist began the quest for
                  | the Orb.
     0 | D:1      | Reached XP level 1. HP: 13/13 MP: 3/3
   308 | D:1      | Reached XP level 2. HP: 14/20 MP: 0/5
   464 | D:1      | Reached skill level 1 in Fighting
   879 | D:1      | Reached XP level 3. HP: 26/26 MP: 0/6
  1788 | D:2      | Learned a level 3 spell: Ozocubu's Armour
  2100 | D:2      | Noticed Robin
  2126 | D:2      | Slain by a hobgoblin

Skill      XL: |  1  2 |
---------------+-------+-----
Dodging        | 3 |  3.6
Fighting       | 1 |  1.9
Stealth        | |  2.6
Spellcasting   | |  2.3
Conjurations   | |  0.7
Ice Magic      | |  3.6

Action                   || total
-------------------------++-------
Melee: Unarmed           ||    14
       Tailslap          ||     3
       Club              ||   133
 Cast: Freeze            ||    32
       Ozocubu's Armour  ||     1
 Stab: Sleeping          ||     3
  Eat: Chunk             ||     3
       Ration            ||     1
Armor: Robe              ||    17
       Leather armour    ||    55
Dodge: Dodged            ||   211
